| TOP OF THE 1ST |
|
University of Conneticut Huskies batting - Pitching for Louisiana State University Tigers : LHP Dan Cunningham
|
|
Pitching: LHP Dan Cunningham
|
|
|
Batting: RHB Kyle Finney
|
0-0: Ball 1-0: Ball 2-0: Called Strike 2-1: Ball 3-1: Base on Balls
|
|
Batting: LHB Andrew Barzee
|
0-0: Ball 1-0: Called Strike 1-1: Ball 2-1: Swinging Strike 2-2: Ball 3-2: Reached on error, E5 (Groundball, 56S, EV 78.1 MPH) Kyle Finney to second
|
|
Batting: RHB Roku Kawano
|
0-0: Ball 1-0: Ball 2-0: Called Strike 2-1: Foul Ball, location: 2F 2-2: Ball 3-2: Foul Ball, location: 2F 3-2: Base on Balls Kyle Finney to third Andrew Barzee to second
|
|
Batting: LHB Greg James
|
0-0: Called Strike 0-1: Ball 1-1: DOUBLE (Line Drive, 78D, EV 108.1 MPH) Kyle Finney scores Andrew Barzee scores Roku Kawano to third
|
|
Batting: RHB Jordan Nicholas
|
0-0: Ball 1-0: Fly out, F9 (Flyball, 9, EV 81.9 MPH) Runner from 3rd tags up, SCORES, throw by RF
|
|
Batting: LHB Hector Acosta
|
0-0: Ball 1-0: Ball 2-0: Called Strike 2-1: Swinging Strike 2-2: Foul Ball, location: 2F 2-2: Foul Ball, location: 2F 2-2: Ground out 4-3 (Groundball, 4, EV 103.8 MPH) Greg James to third
|
|
Batting: RHB Cullen Elliott
|
0-0: SINGLE (Groundball, 56D, EV 104.4 MPH) Greg James scores
|
|
Batting: RHB Lee Wilbur
|
0-0: Called Strike 0-1: Ground out 4-3 (Groundball, 34, EV 85.6 MPH)
|
| Top of the 1st over - 4 runs, 2 hits, 1 error, 1 left on base; University of Conneticut 4 - Louisiana State University 0 |
| BOTTOM OF THE 1ST |
|
Louisiana State University Tigers batting - Pitching for University of Conneticut Huskies : LHP William Garcia
|
|
Pitching: LHP William Garcia
|
|
|
Batting: LHB John Carter
|
0-0: Foul Ball, location: 2F 0-1: Ball 1-1: Ground out 5-3 (Groundball, 56S, EV 63.1 MPH)
|
|
Batting: RHB Alfredo Padilla
|
0-0: Called Strike 0-1: Ball 1-1: Foul Ball, location: 2F 1-2: Foul Ball, location: 2F 1-2: Foul Ball, location: 2F 1-2: Fly out, F8 (Flyball, 8RM, EV 87.5 MPH)
|
|
Batting: LHB Matt Ellington
|
0-0: Ball 1-0: Called Strike 1-1: Fly out, F7 (Flyball, 78S, EV 90.0 MPH)
|
| Bottom of the 1st over - 0 runs, 0 hits, 0 errors, 0 left on base; University of Conneticut 4 - Louisiana State University 0 |
| TOP OF THE 2ND |
|
University of Conneticut Huskies batting - Pitching for Louisiana State University Tigers : LHP Dan Cunningham
|
|
Batting: LHB Omar Alba
|
0-0: Ball 1-0: Called Strike 1-1: Swinging Strike 1-2: Strikes out swinging
|
|
Batting: RHB Kyle Finney
|
0-0: Called Strike 0-1: Ball 1-1: Ball 2-1: Ground out 6-3 (Groundball, P, EV 80.0 MPH)
|
|
Batting: LHB Andrew Barzee
|
0-0: Ball 1-0: SOLO HOME RUN (Flyball, 9D, EV 94.4 MPH), Distance : 380 ft
|
|
Batting: RHB Roku Kawano
|
0-0: Foul Ball, location: 2F 0-1: Foul Ball, location: 2F 0-2: Fly out, F3 (Line Drive, 3, EV 70.0 MPH)
|
| Top of the 2nd over - 1 run, 1 hit, 0 errors, 0 left on base; University of Conneticut 5 - Louisiana State University 0 |
| BOTTOM OF THE 2ND |
|
Louisiana State University Tigers batting - Pitching for University of Conneticut Huskies : LHP William Garcia
|
|
Batting: RHB Keith Ashton
|
0-0: Called Strike 0-1: Called Strike 0-2: Ground out 6-3 (Groundball, 56, EV 104.4 MPH)
|
|
Batting: LHB Manny Grado
|
0-0: Called Strike 0-1: Ball 1-1: Ball 2-1: Foul Ball, location: 2F 2-2: Ground out U3 (Groundball, 34S, EV 87.5 MPH)
|
|
Batting: RHB Byung-hee Jee
|
0-0: Ball 1-0: Foul Ball, location: 2F 1-1: Swinging Strike 1-2: Ball 2-2: Reached on error, E4 (Groundball, 4, EV 101.9 MPH)
|
|
Batting: RHB Zachary Acker
|
0-0: Called Strike 0-1: Ball 1-1: Ground out 5-3 (Groundball, 5S, EV 81.9 MPH)
|
| Bottom of the 2nd over - 0 runs, 0 hits, 1 error, 1 left on base; University of Conneticut 5 - Louisiana State University 0 |
| TOP OF THE 3RD |
|
University of Conneticut Huskies batting - Pitching for Louisiana State University Tigers : LHP Dan Cunningham
|
|
Batting: LHB Greg James
|
0-0: Ball 1-0: Ball 2-0: Called Strike 2-1: Ball 3-1: Called Strike 3-2: SINGLE (Line Drive, 89M, EV 109.4 MPH)
|
|
Pitching: RHP Jeff Blankenship
|
|
|
Batting: RHB Jordan Nicholas
|
0-0: Foul Ball, location: 2F 0-1: 2-RUN HOME RUN (Flyball, 89XD, EV 106.9 MPH), Distance : 417 ft
|
|
Batting: LHB Hector Acosta
|
0-0: Called Strike 0-1: Foul Ball, location: 2F 0-2: Ball 1-2: Ball 2-2: Foul Ball, location: 2F 2-2: Strikes out swinging
|
|
Batting: RHB Cullen Elliott
|
0-0: Foul Ball, location: 2F 0-1: Ground out 6-3 (Groundball, 6, EV 86.9 MPH)
|
|
Batting: RHB Lee Wilbur
|
0-0: SINGLE (Groundball, 34D, EV 96.2 MPH)
|
|
Batting: LHB Omar Alba
|
0-0: Foul Ball, location: 2F 0-1: Fly out, F6 (Popup, 6S, EV 75.0 MPH)
|
| Top of the 3rd over - 2 runs, 3 hits, 0 errors, 1 left on base; University of Conneticut 7 - Louisiana State University 0 |
| BOTTOM OF THE 3RD |
|
Louisiana State University Tigers batting - Pitching for University of Conneticut Huskies : LHP William Garcia
|
|
Batting: LHB Jon Valdez
|
0-0: Ball 1-0: Foul Ball, location: 2F 1-1: Swinging Strike 1-2: Ball 2-2: Foul Ball, location: 2F 2-2: Strikes out swinging
|
|
Batting: RHB Michael Maier
|
0-0: Called Strike 0-1: Foul Ball, location: 2F 0-2: Foul Ball, location: 2F 0-2: Ball 1-2: Ball 2-2: Strikes out swinging
|
|
Batting: LHB John Carter
|
0-0: Ball 1-0: Ball 2-0: Foul Ball, location: 2F 2-1: Foul Ball, location: 2F 2-2: Foul Ball, location: 2F 2-2: Strikes out swinging
|
| Bottom of the 3rd over - 0 runs, 0 hits, 0 errors, 0 left on base; University of Conneticut 7 - Louisiana State University 0 |
| TOP OF THE 4TH |
|
University of Conneticut Huskies batting - Pitching for Louisiana State University Tigers : RHP Jeff Blankenship
|
|
Batting: RHB Kyle Finney
|
0-0: Ball 1-0: Ball 2-0: Ball 3-0: Called Strike 3-1: Foul Ball, location: 2F 3-2: Base on Balls
|
|
Batting: LHB Andrew Barzee
|
0-0: Ball 1-0: Ball 2-0: Fly out, F9 (Flyball, 9, EV 76.9 MPH)
|
|
Batting: RHB Roku Kawano
|
0-0: Ball 1-0: Foul Ball, location: 2F 1-1: Ball 2-1: Swinging Strike 2-2: Ball 3-2: Base on Balls Kyle Finney to second
|
|
Batting: LHB Greg James
|
0-0: Foul Ball, location: 2F 0-1: Foul Ball, location: 2F 0-2: Foul Ball, location: 2F 0-2: Strikes out looking
|
|
Batting: RHB Jordan Nicholas
|
0-0: Foul Ball, location: 2F 0-1: SINGLE (Groundball, 4M, EV 103.8 MPH) (infield hit) Kyle Finney to third Roku Kawano to second
|
|
Pitching: LHP Logan Corrigan
|
|
|
Batting: LHB Hector Acosta
|
0-0: Called Strike 0-1: Ball 1-1: Foul Ball, location: 2F 1-2: Ball 2-2: Ball 3-2: Foul Ball, location: 2F 3-2: Base on Balls Kyle Finney scores Roku Kawano to third Jordan Nicholas to second
|
|
Batting: RHB Cullen Elliott
|
0-0: Ball 1-0: Ball 2-0: Called Strike 2-1: Foul Ball, location: 2F 2-2: Foul Ball, location: 2F 2-2: Ball 3-2: SINGLE (Line Drive, 4D, EV 104.4 MPH) Roku Kawano scores Jordan Nicholas to third Hector Acosta to second Jordan Nicholas scores Hector Acosta to third
|
|
Batting: RHB Lee Wilbur
|
0-0: Called Strike 0-1: Ball 1-1: Fielders Choice at 2nd, 5-4 (Groundball, 56, EV 103.1 MPH)
|
| Top of the 4th over - 3 runs, 2 hits, 0 errors, 2 left on base; University of Conneticut 10 - Louisiana State University 0 |
| BOTTOM OF THE 4TH |
|
Louisiana State University Tigers batting - Pitching for University of Conneticut Huskies : LHP William Garcia
|
|
Pitching: RHP Jose Rios
|
|
|
Batting: RHB Alfredo Padilla
|
0-0: Ball 1-0: Called Strike 1-1: Foul Ball, location: 2F 1-2: Ball 2-2: SINGLE (Groundball, 34S, EV 98.1 MPH)
|
|
Batting: LHB Matt Ellington
|
0-0: Called Strike 0-1: Ball 1-1: Ground out 5-3 (Groundball, 56S, EV 67.5 MPH) Alfredo Padilla to second
|
|
Batting: RHB Keith Ashton
|
0-0: Ground out 6-3 (Groundball, 6, EV 82.5 MPH)
|
|
Batting: LHB Manny Grado
|
0-0: Called Strike 0-1: Foul Ball, location: 2F 0-2: Ground out U3 (Groundball, 3, EV 96.9 MPH)
|
| Bottom of the 4th over - 0 runs, 1 hit, 0 errors, 1 left on base; University of Conneticut 10 - Louisiana State University 0 |
| TOP OF THE 5TH |
|
University of Conneticut Huskies batting - Pitching for Louisiana State University Tigers : LHP Logan Corrigan
|
|
Batting: LHB Omar Alba
|
0-0: Ball 1-0: Ball 2-0: Fly out, F8 (Flyball, 8RD, EV 108.8 MPH)
|
|
Batting: RHB Kyle Finney
|
0-0: Foul Ball, location: 2F 0-1: Foul Ball, location: 2F 0-2: Strikes out swinging
|
|
Batting: LHB Andrew Barzee
|
0-0: Fly out, F7 (Flyball, 78M, EV 91.9 MPH)
|
| Top of the 5th over - 0 runs, 0 hits, 0 errors, 0 left on base; University of Conneticut 10 - Louisiana State University 0 |
| BOTTOM OF THE 5TH |
|
Louisiana State University Tigers batting - Pitching for University of Conneticut Huskies : RHP Jose Rios
|
|
Batting: RHB Byung-hee Jee
|
0-0: Ball 1-0: Ground out 1-3 (Groundball, 13S, EV 63.8 MPH)
|
|
Batting: RHB Zachary Acker
|
0-0: Ball 1-0: Ball 2-0: Foul Ball, location: 2F 2-1: Ball 3-1: Fly out, F2 (Popup, 3SF, EV 80.6 MPH)
|
|
Batting: LHB Jon Valdez
|
0-0: Ball 1-0: Called Strike 1-1: Swinging Strike 1-2: Ball 2-2: Strikes out swinging
|
| Bottom of the 5th over - 0 runs, 0 hits, 0 errors, 0 left on base; University of Conneticut 10 - Louisiana State University 0 |
| TOP OF THE 6TH |
|
University of Conneticut Huskies batting - Pitching for Louisiana State University Tigers : LHP Logan Corrigan
|
|
Pitching: LHP Nathan Waters
|
|
|
Batting: RHB Roku Kawano
|
0-0: Ball 1-0: Fly out, F9 (Flyball, 9D, EV 81.9 MPH)
|
|
Batting: LHB Greg James
|
0-0: Reached on error, E9 (Line Drive, 9, EV 86.9 MPH)
|
|
Batting: RHB Jordan Nicholas
|
0-0: Ball 1-0: Fly out, F4 (Flyball, 34D, EV 88.8 MPH)
|
|
Batting: LHB Hector Acosta
|
0-0: Ground out 6-3 (Groundball, 6MS, EV 91.2 MPH)
|
| Top of the 6th over - 0 runs, 0 hits, 1 error, 1 left on base; University of Conneticut 10 - Louisiana State University 0 |
| BOTTOM OF THE 6TH |
|
Louisiana State University Tigers batting - Pitching for University of Conneticut Huskies : RHP Jose Rios
|
|
Batting: RHB Michael Maier
|
0-0: Ball 1-0: Ball 2-0: Called Strike 2-1: Foul Ball, location: 2F 2-2: Ground out 6-3 (Groundball, 6, EV 103.1 MPH)
|
|
Batting: LHB John Carter
|
0-0: Fly out, F8 (Flyball, 8LM, EV 85.0 MPH)
|
|
Batting: RHB Alfredo Padilla
|
0-0: Called Strike 0-1: Swinging Strike 0-2: Foul Ball, location: 2F 0-2: Ground out 6-3 (Groundball, 6, EV 108.1 MPH)
|
| Bottom of the 6th over - 0 runs, 0 hits, 0 errors, 0 left on base; University of Conneticut 10 - Louisiana State University 0 |
| TOP OF THE 7TH |
|
University of Conneticut Huskies batting - Pitching for Louisiana State University Tigers : LHP Nathan Waters
|
|
Batting: RHB Cullen Elliott
|
0-0: Foul Ball, location: 2F 0-1: Called Strike 0-2: Ball 1-2: Strikes out swinging
|
|
Batting: RHB Lee Wilbur
|
0-0: Ball 1-0: SINGLE (Groundball, 56D, EV 94.4 MPH)
|
|
Batting: LHB Omar Alba
|
0-0: Ball 1-0: Swinging Strike 1-1: Ball 2-1: Foul Ball, location: 2F 2-2: Strikes out swinging
|
|
Batting: RHB Kyle Finney
|
0-0: Ball Passed Ball! Lee Wilbur to second 1-0: DOUBLE (Line Drive, 78D, EV 104.4 MPH) Lee Wilbur scores
|
|
Batting: LHB Andrew Barzee
|
0-0: Called Strike 0-1: Ground out 1-3 (Groundball, 13S, EV 70.6 MPH)
|
| Top of the 7th over - 1 run, 2 hits, 0 errors, 1 left on base; University of Conneticut 11 - Louisiana State University 0 |
| BOTTOM OF THE 7TH |
|
Louisiana State University Tigers batting - Pitching for University of Conneticut Huskies : RHP Jose Rios
|
|
Batting: LHB Matt Ellington
|
0-0: Ball 1-0: Ball 2-0: Swinging Strike 2-1: Ball 3-1: Foul Ball, location: 2F 3-2: Foul Ball, location: 2F 3-2: Base on Balls
|
|
Pinch Hitting: RHB Stewart Walker
|
0-0: Foul Ball, location: 2F 0-1: Ball 1-1: Ball 2-1: Fly out, F8 (Flyball, 8LD, EV 93.1 MPH)
|
|
Pitching: RHP Paul Pastrano
|
|
|
Batting: LHB Manny Grado
|
0-0: Foul Ball, location: 2F 0-1: Ball 1-1: Foul Ball, location: 2F 1-2: Foul Ball, location: 2F 1-2: Foul Ball, location: 2F 1-2: Ball 2-2: Fly out, F9 (Flyball, 9D, EV 98.1 MPH)
|
|
Batting: RHB Byung-hee Jee
|
0-0: Ball 1-0: Foul Ball, location: 2F 1-1: Foul Ball, location: 2F 1-2: Foul Ball, location: 2F 1-2: Ball 2-2: Fly out, F9 (Flyball, 9D, EV 76.9 MPH)
|
| Bottom of the 7th over - 0 runs, 0 hits, 0 errors, 1 left on base; University of Conneticut 11 - Louisiana State University 0 |
| TOP OF THE 8TH |
|
University of Conneticut Huskies batting - Pitching for Louisiana State University Tigers : LHP Nathan Waters
|
|
Now at 3B: Stewart Walker
|
|
|
Batting: RHB Roku Kawano
|
0-0: Called Strike 0-1: Foul Ball, location: 2F 0-2: Foul Ball, location: 2F 0-2: Ball 1-2: Hit by Pitch
|
|
Pitching: LHP Clyde Fisher
|
|
|
Batting: LHB Greg James
|
0-0: Ball 1-0: Ball 2-0: Foul Ball, location: 2F 2-1: DOUBLE (Line Drive, 89D, EV 110.6 MPH) Roku Kawano to third
|
|
Batting: RHB Jordan Nicholas
|
0-0: Called Strike 0-1: Called Strike 0-2: Strikes out swinging
|
|
Batting: LHB Hector Acosta
|
0-0: Called Strike 0-1: Ball 1-1: SINGLE (Groundball, 34D, EV 103.8 MPH) Roku Kawano scores Greg James to third Runner from 3rd tries for Home, SAFE, throw by RF to home
|
|
Batting: RHB Cullen Elliott
|
0-0: Ball 1-0: Called Strike 1-1: Ball 2-1: Foul Ball, location: 2F 2-2: Foul Ball, location: 2F 2-2: Ball 3-2: Fielders Choice at 2nd, 5-4 (Groundball, 56S, EV 79.4 MPH)
|
|
Batting: RHB Lee Wilbur
|
0-0: Called Strike 0-1: Ball 1-1: Swinging Strike 1-2: Ball 2-2: Strikes out swinging
|
| Top of the 8th over - 2 runs, 2 hits, 0 errors, 1 left on base; University of Conneticut 13 - Louisiana State University 0 |
| BOTTOM OF THE 8TH |
|
Louisiana State University Tigers batting - Pitching for University of Conneticut Huskies : RHP Paul Pastrano
|
|
Batting: RHB Zachary Acker
|
0-0: Ball 1-0: Foul Ball, location: 2F 1-1: Fly out, F8 (Flyball, 78S, EV 95.0 MPH)
|
|
Batting: LHB Jon Valdez
|
0-0: Swinging Strike 0-1: Ball 1-1: Swinging Strike 1-2: Strikes out looking
|
|
Pinch Hitting: RHB D.J. Ganz
|
0-0: Ball 1-0: Swinging Strike 1-1: Ball 2-1: SOLO HOME RUN (Flyball, 7LD, EV 90.6 MPH), Distance : 342 ft
|
|
Batting: LHB John Carter
|
0-0: Ball 1-0: Fly out, F9 (Line Drive, 9, EV 100.6 MPH)
|
| Bottom of the 8th over - 1 run, 1 hit, 0 errors, 0 left on base; University of Conneticut 13 - Louisiana State University 1 |
| TOP OF THE 9TH |
|
University of Conneticut Huskies batting - Pitching for Louisiana State University Tigers : LHP Clyde Fisher
|
|
Now at 2B: Winston Vasquez
|
|
|
Batting: LHB Omar Alba
|
0-0: Ball 1-0: Foul Ball, location: 2F 1-1: Ball 2-1: Ball 3-1: Swinging Strike 3-2: Base on Balls
|
|
Pitching: LHP Gianpaolo Capirossi
|
|
|
Batting: RHB Kyle Finney
|
0-0: Called Strike 0-1: Ball 1-1: Fielders Choice at 2nd, U6 (Groundball, 4M, EV 80.6 MPH)
|
|
Batting: LHB Andrew Barzee
|
0-0: Foul Ball, location: 2F 0-1: Swinging Strike 0-2: Ball 1-2: Fly out, F8 (Line Drive, 89D, EV 91.9 MPH)
|
|
Batting: RHB Roku Kawano
|
0-0: Ball 1-0: Ball 2-0: Called Strike 2-1: Swinging Strike 2-2: Ball 3-2: Foul Ball, location: 2F 3-2: Base on Balls Kyle Finney to second
|
|
Batting: LHB Greg James
|
0-0: Ball 1-0: Called Strike 1-1: Swinging Strike 1-2: SINGLE (Line Drive, 8LS, EV 94.4 MPH) Kyle Finney to third Roku Kawano to second Runner from 3rd tries for Home, throw by CF and OUT! 8-2
|
| Top of the 9th over - 0 runs, 1 hit, 0 errors, 2 left on base; University of Conneticut 13 - Louisiana State University 1 |
| BOTTOM OF THE 9TH |
|
Louisiana State University Tigers batting - Pitching for University of Conneticut Huskies : RHP Paul Pastrano
|
|
Batting: SHB Paul Blaylock
|
0-0: Called Strike 0-1: Ball 1-1: Foul Ball, location: 2F 1-2: Foul Ball, location: 2F 1-2: Ball 2-2: Ball 3-2: SINGLE (Groundball, 4MD, EV 97.5 MPH)
|
|
Pinch Hitting: SHB Stone Fraser
|
0-0: Called Strike 0-1: Called Strike 0-2: Strikes out swinging
|
|
Batting: RHB Stewart Walker
|
0-0: Ball 1-0: Foul Ball, location: 2F 1-1: Ball 2-1: Ball 3-1: Base on Balls Paul Blaylock to second
|
|
Batting: LHB Manny Grado
|
0-0: Called Strike 0-1: Fly out, F8 (Line Drive, 78M, EV 98.8 MPH)
|
|
Batting: RHB Byung-hee Jee
|
0-0: Foul Ball, location: 2F 0-1: Ball 1-1: Swinging Strike 1-2: Ball 2-2: Foul Ball, location: 2F 2-2: Foul Ball, location: 2F 2-2: Ball 3-2: Ground out 4-3 (Groundball, 4M, EV 100.0 MPH)
|
| Bottom of the 9th over - 0 runs, 1 hit, 0 errors, 2 left on base; University of Conneticut 13 - Louisiana State University 1 |
|